 Dungeon Crawl Stone Soup version 0.31.0-12-g77e489cdc1 (webtiles) character file.

Game seed: 16691266223764083845

63 H0rd4k the Insei (level 4, -6/28 HPs)
             Began as an Octopode Artificer on Mar 7, 2024.
             Killed by divine providence
             ... invoked by an orc priest
              (15 damage)
             ... on level 3 of the Dungeon.
             The game lasted 00:01:05 (1289 turns).

H0rd4k the Insei (Octopode Artificer)               Turns: 1289, Time: 00:01:05

Health: -6/28      AC:  1    Str: 11    XL:     4   Next: 9%
Magic:  4/4        EV: 13    Int: 15    God:
Gold:   108        SH:  0    Dex: 12    Spells: 3/3 levels left

rFire   . .          .
                       - Unarmed
rCold   . . .        (no shield)
rNeg    . . .        (helmet restricted)
rPois   +            (no amulet)
rElec   .            e - ring of poison resistance
rCorr   .            h - ring of flight
SInv    .            (no ring)
Will    .....        (no ring)
Stlth   +++          (no ring)
HPRegen 0.24/turn    (no ring)
MPRegen 0.09/turn    (no ring)
                     (no ring)

%: no passive effects
@: flying
A: almost no armour, amphibious, 8 rings, camouflage 1, gelatinous body 1,
(nimble swimmer 1), tentacles
a: no special abilities


You were on level 3 of the Dungeon.
You visited 1 branch of the dungeon, and saw 3 of its levels.

You collected 108 gold pieces.

Inventory:

Jewellery
 e - a ring of poison resistance (left tentacle)
 h - a ring of flight (right tentacle)
Wands
 b - a wand of flame (15) (quivered)
 c - a wand of charming (14)
 d - a wand of iceblast (5)
Scrolls
 a - 2 scrolls of teleportation {unknown}
 i - a scroll of immolation {unknown}
 k - 2 scrolls of identify {unknown}
 m - a scroll of vulnerability {unknown}
Potions
 f - a potion of enlightenment {unknown}
 g - a potion of cancellation {unknown}
 j - 2 potions of curing {unknown}
 l - a potion of heal wounds {unknown}
 n - a potion of might {unknown}


   Skills:
 + Level 1.6 Fighting
 - Level 2.3 Dodging
 - Level 1.3 Stealth
 + Level 3.3 Unarmed Combat
 - Level 3.2 Evocations


You had 3 spell levels left.
You didn't know any spells.
Your spell library contained the following spells:

 Spells                   Type           Power      Damage    Failure   Level
 Mercury Vapours          Alch/Air       0%         N/A       38%         2
 Mephitic Cloud           Conj/Alch/Air  0%         N/A       63%         3
 Freezing Cloud           Conj/Ice/Air   0%         6-21      100%        5


Dungeon Overview and Level Annotations

Branches:
Dungeon (3/15)

Altars:


Innate Abilities, Weirdness & Mutations

You cannot wear most types of armour.
You are amphibious.
You can wear up to eight rings at the same time.
Your skin changes colour to match your surroundings (Stealth+).
Your rubbery body absorbs attacks. (AC +1, EV +1)
((You are camouflaged when in or above water. (Stealth+)))
You have tentacles for arms and can constrict up to eight enemies at once.


Message History

You kill the rat!
There are monsters nearby!
An orc priest comes into view. It is wielding a +0 dagger.
The orc shouts! x2
The dart slug launches a dart at you. The slug dart misses you.
You hear a shout!
You see here a rat corpse.
There are monsters nearby!
An orc priest comes into view. It is wielding a +0 short sword.
The orc priest miscasts a cantrip.
The orc priest shouts!
There are monsters nearby!
You hear an angry hiss.
An adder comes into view.
You closely miss the orc. Your grab misses the orc. You squeeze the orc.
The orc is lightly wounded.
The orc closely misses you.
You closely miss the orc. Your grab misses the orc.
The orc is lightly wounded.
The orc barely misses you.
You closely miss the orc. You grab the orc.
You constrict the orc, but do no damage.
The orc priest looks encouraged for a moment.
The orc hits you with a +0 short sword.
You tentacle-slap the orc but do no damage.
You constrict the orc, but do no damage.
The orc hits you with a +0 short sword.
The orc priest mumbles some strange prayers to Beogh against you.
Beogh smites you!
You tentacle-slap the orc but do no damage.
You constrict the orc. The orc hits you but does no damage.
Aiming: Charm
Press: ? - help, Shift-Dir - straight line, f - orc
Aim: an orc, wielding a +0 short sword and wearing a +0 ring mail (heavily wounded, constricted by you, chance to affect: 73%)
The orc is charmed.
You release your grip on your orc.
The orc priest mumbles some strange prayers to Beogh against you.
Beogh smites you!
Ouch! That really hurt!
You die...

###.....##.#
#..........#
#.##...##...
#.###.## .##
###.###.###.###
w....=.........
#######†###.###
#.# #@# #o# #o#
#o#


So# #.. #.# ..# You could see 2 orc priests, an adder, an orc and a friendly orc
(charmed).

Vanquished Creatures
  2 adders (D:2)
  2 dart slugs
  8 endoplasms
  5 goblins
  3 hobgoblins
  A quokka (D:1)
  A ball python (D:2)
  7 bats
  A frilled lizard (D:1)
  3 kobolds (D:1)
  5 rats
38 creatures vanquished.

Notes
Turn   | Place    | Note
-------+----------+-------------------------------------------
     0 | D:1      | H0rd4k the Octopode Artificer began the quest for the Orb.
     0 | D:1      | Reached XP level 1. HP: 13/13 MP: 1/1
    99 | D:1      | Reached skill level 1 in Unarmed Combat
    99 | D:1      | Reached XP level 2. HP: 13/18 MP: 2/2
   524 | D:2      | Reached XP level 3. HP: 23/23 MP: 3/3
   995 | D:2      | Reached XP level 4. HP: 24/28 MP: 4/4
  1289 | D:3      | Killed from afar by an orc priest

Illustrated notes

Levels and vault maps discovered:
D:1:      amcnicky_arrival_gap_in_the_tavern_cellar, layout_basic
D:2:      layout_basic, minmay_misc_feat_rugged, kennysheep_minor_cross,
          hangedman_decor_push
D:3:      layout_loops_ring, nicolae_ashenzari_skybound

Skill      XL: |  1  2  3 |
---------------+----------+-----
Unarmed Combat | 1 2 3 |  3.3
Fighting       | |  1.6
Dodging        | |  2.3
Stealth        | |  1.3
Evocations     | |  3.2

Action                     |  1- 3 |  4- 6 || total
---------------------------+-------+-------++-------
  Melee: Unarmed           |    74 |    14 ||    88
         Constrict         |    17 |     2 ||    19
         Tentacles         |    17 |     3 ||    20
         Punch             |     2 |       ||     2
  Evoke: Wand              |       |     1 ||     1
   Stab: Sleeping          |    11 |       ||    11
 Armour: Skin              |    21 |     6 ||    27
  Dodge: Dodged            |    48 |     5 ||    53
